 Dungeon Crawl Stone Soup version 0.18-a0-960-g77c8fc5 (webtiles) character file.

165008 Yawgmoth the Metallomancer (level 17, 0/102 HPs)
             Began as a Gargoyle Earth Elementalist on Dec 31, 2015.
             Was the Champion of Vehumet.
             Slain by Wiglaf
             ... wielding a +0 war axe
              (31 damage)
             ... on level 4 of the Snake Pit on Jan 1, 2016.
             The game lasted 04:45:53 (48210 turns).

Yawgmoth the Metallomancer (GrEE)                  Turns: 48210, Time: 04:45:53

Health: 0/102      AC: 26    Str: 15    XL:     17   Next: 87%
Magic:  7/38       EV: 12    Int: 22    God:    Vehumet [******]
Gold:   1064       SH: 11    Dex: 14    Spells: 10 memorised, 15 levels left

rFire  + + .     SeeInvis +     B - +9 trident "Hier Uma" {pierce, rPois Dex+4}
rCold  + . .     Gourm    .     K - +0 leather armour of Hopscotch {rF+ rN+ Dex+2}
rNeg   + + .     Faith    .     q - +2 buckler
rPois  ∞         Spirit   .     j - +2 helmet {SInv}
rElec  +         Dismiss  .     Y - +1 cloak
rCorr  .         Reflect  +     x - +0 pair of gloves
SustAt .         Harm     .     G - +0 pair of boots
MR     +....                    p - +4 amulet of reflection
Stlth  ++........               m - +4 ring of protection
                                H - ring of protection from fire

@: very slightly contaminated, somewhat resistant to hostile enchantments,
unstealthy
A: big wings, cold resistance 1, negative energy resistance 1, electricity
resistance, unbreathing, petrification resistance, no device heal 1, rot
immunity, AC +12
a: Fly, Renounce Religion


You were on level 4 of the Snake Pit.
You worshipped Vehumet.
Vehumet was exalted by your worship.
You were near starving.

You visited 5 branches of the dungeon, and saw 30 of its levels.

You collected 2899 gold pieces.
You spent 1835 gold pieces at shops.

Inventory:

Hand Weapons
 o - the +10 long sword "Quahol" {flame, Dex+6}
   (You found it on level 1 of the Orcish Mines)

   It has been specially enchanted to burn those struck by it, causing extra
   injury to most foes and up to half again as much damage against particularly
   susceptible opponents.
   Big, fiery blades are also staple armaments of hydra-hunters.
   It affects your dexterity (+6).
 w - a +2 demon trident of venom
 B - the +9 trident "Hier Uma" (weapon) {pierce, rPois Dex+4}
   (You found it on level 7 of the Lair of Beasts)

   It inflicts extra damage upon your enemies.
   It affects your dexterity (+4).
   It protects you from poison.
 X - a +0 lajatang
Missiles
 b - 286 stones (quivered)
 v - 3 throwing nets
 W - 3 tomahawks of dispersal
Armour
 h - a cursed +0 large shield
 j - a +2 helmet of see invisible (worn)
 q - a +2 buckler (worn)
 x - a +0 pair of gloves (worn)
 F - a +0 shield of reflection
 G - a +0 pair of boots (worn)
 K - the +0 leather armour of Hopscotch (worn) {rF+ rN+ Dex+2}
   (You found it on level 14 of the Dungeon)

   It affects your dexterity (+2).
   It protects you from fire.
   It protects you from negative energy.
 Y - a +1 cloak (worn)
Magical Staves
 f - an uncursed staff of wizardry
 Q - an uncursed staff of power
Jewellery
 m - a +4 ring of protection (right hand)
 p - a +4 amulet of reflection (around neck)
 E - an uncursed ring of protection from cold
 H - a ring of protection from fire (left hand)
Wands
 y - a wand of digging (0/24)
 M - a wand of digging (16/24)
 P - a wand of disintegration (12/24)
Scrolls
 a - 9 scrolls of remove curse
 g - a scroll of enchant armour
 i - 6 scrolls of identify
 A - a scroll of silence
 C - a scroll of magic mapping
 D - a scroll of summoning
 N - a scroll of amnesia
 O - 6 scrolls of fog
 T - 3 scrolls of teleportation
Potions
 e - 2 potions of haste
 n - 3 potions of might
 r - a potion of heal wounds
 s - 6 potions of brilliance
 t - 2 potions of cancellation
 I - 11 potions of curing
 J - 2 potions of berserk rage
 V - a potion of resistance
Books
 c - a book of the Earth

   Spells                             Type                      Level
   a - Leda's Liquefaction            Hexes/Earth                  4
   b - Bolt of Magma                  Conjuration/Fire/Earth       5
   c - Statue Form                    Transmutation/Earth          6
   d - Iron Shot                      Conjuration/Earth            6
   e - Shatter                        Earth                        9
 k - a book of Cantrips

   Spells                             Type                      Level
   a - Corona                         Hexes                        1
   b - Animate Skeleton               Necromancy                   1
   c - Summon Small Mammal            Summoning                    1
   d - Apportation                    Translocation                1
 u - a book of Transfigurations

   Spells                             Type                      Level
   a - Stoneskin                      Transmutation/Earth          2
   b - Irradiate                      Conjuration/Transmutation    5
   c - Statue Form                    Transmutation/Earth          6
   d - Hydra Form                     Transmutation                6
   e - Dragon Form                    Transmutation                7
 z - the Tome of the Frostbite
   (You found it on level 1 of the Snake Pit)

   Spells                             Type                      Level
   a - Freeze                         Ice                          1
   b - Throw Icicle                   Conjuration/Ice              4
   c - Freezing Cloud                 Conjuration/Ice/Air          6
 L - a book of the Earth

   Spells                             Type                      Level
   a - Leda's Liquefaction            Hexes/Earth                  4
   b - Bolt of Magma                  Conjuration/Fire/Earth       5
   c - Statue Form                    Transmutation/Earth          6
   d - Iron Shot                      Conjuration/Earth            6
   e - Shatter                        Earth                        9
Miscellaneous
 R - a legendary deck of defence
 S - a fan of gales
Comestibles
 d - 4 bread rations
 l - 14 meat rations
 U - 6 fruits


   Skills:
 - Level 10.0 Fighting
 - Level 10.2 Staves
 - Level 1.5 Dodging
 - Level 2.2 Stealth
 - Level 5.0 Shields
 + Level 17.7 Spellcasting
 - Level 0.7 Transmutations
 + Level 21.9 Earth Magic


You had 15 spell levels left.
You knew the following spells:

 Your Spells              Type           Power        Failure   Level  Hunger
a - Sandblast             Erth           ######       0%          1    None
b - Passwall              Trmt/Erth      ######....   1%          3    None
c - Stone Arrow           Conj/Erth      ######       1%          3    None
d - Lee's Rapid Deconstr  Erth           #######...   0%          5    #......
e - Stoneskin             Trmt/Erth      ######..     1%          2    None
f - Blink                 Tloc           N/A          8%          2    None
g - Iron Shot             Conj/Erth      ######....   2%          6    ####...
h - Shatter               Erth           #######...   12%         9    #######
i - Apportation           Tloc           ###.......   4%          1    None
j - Leda's Liquefaction   Hex/Erth       ######....   1%          4    None


Dungeon Overview and Level Annotations

Branches:
Dungeon (15/15)            Temple (1/1) D:4            Lair (8/8) D:9
 Shoals (0/4) Lair:6        Snake (4/4) Lair:3          Orc (2/2) D:11
    Elf (0/3) Orc:2        Vaults (0/5) D:14         Depths (0/5) D:15
  Slime: Lair:6-8

Altars:
Ashenzari
Cheibriados
Dithmenos
Elyvilon
Fedhas
Gozag
Kikubaaqudgha
Makhleb
Nemelex Xobeh
Okawaru
Pakellas
Qazlal
Ru
Sif Muna
Trog
Vehumet
Xom
Yredelemnul
Zin
The Shining One
Beogh

Shops:
D:11 ?   D:13 %   D:15 (   Orc:1 [   Orc:2 %!:%

Annotations:
Lair:8 exclusion: 5 oklob plants
Snake:4 Wiglaf


Innate Abilities, Weirdness & Mutations

You are resistant to torment.
Your stone body is resilient (AC +12).
You are immune to poison.
Your large and strong wings let you fly indefinitely.
You resist negative energy.
You are resistant to electric shocks.
You can survive without breathing.
You are immune to petrification.
You are immune to rotting.
Your flesh is cold resistant.
Potions and wands are less effective at restoring your health.


Message History

Confirm with . or Enter, or press ? or * to list all spells.
You must stand on solid ground to cast this.
You float gracefully downwards.
Wiglaf hits you with a war axe!! Wiglaf hits you with a war axe!
Casting: Leda's Liquefaction
Confirm with . or Enter, or press ? or * to list all spells.
Okay, then.
Unknown command.
Casting: Leda's Liquefaction
Confirm with . or Enter, or press ? or * to list all spells.
You miscast Blink.
Nothing appears to happen.
Wiglaf hits you with a war axe. Wiglaf hits you with a war axe!!
* * * LOW HITPOINT WARNING * * *
Read which item? (? for menu, Esc to quit)
Okay, then.
Drink which item? (? for menu, Esc to quit)
You feel much better.
Wiglaf says, "Have ye nae fought a dwarf yet?"
Wiglaf hits you with a war axe!!
You die...

#......#......#.......#.......##
'.....##......#.......#.......###
#......#......#......##.........#
##....##.....##......##..<......#
.######......#........#.........#
.............##.......#.........#
............(#........#........##
.[...........'........#.[....[..#
.............#.g@..<)'#........##
....#####....#.S.....#)........#
..###...#....##......##.......##
..'.....##....#.......#.......###
..##.....#....#.......#.........#
..#......#....#..#.#.##......#..#
..##.###.#....########.........##
...###.###....................#
..................@.........[#


You could see Wiglaf and a black mamba.

Vanquished Creatures
  Nikola (Snake:4)
  Kirke (D:12)
  Roxanne (Snake:1)
  2 greater nagas
  Donald (Snake:3)
  A stone giant (Orc:1)
  The ghost of JokEr the Warrior, a journeyman MiFi of Okawaru (Lair:6)
  Nessos (Lair:8)
  The ghost of BenSoosneb the Bewitcher, an adept SpEn of Dithmenos (Snake:1)
  Azrael (D:12)
  Josephine (D:15)
  A fire dragon (D:14)
  A quicksilver dragon zombie (D:15)
  10 naga warriors
  5 hydras
  The ghost of Chiseanne the Fighter, a journeyman DsWz of Makhleb (D:13)
  A catoblepas (Lair:7)
  6 anacondas
  Erica (D:8)
  4 centaur warriors
  4 orc high priests
  Erolcha (D:8)
  13 death yaks
  An ogre mage (Orc:2)
  2 tengu warriors
  8 shock serpents
  3 naga sharpshooters
  The ghost of Daviar the Fighter, a novice TeBe of Trog (D:9)
  A fire crab (Lair:8)
  6 skeletal warriors
  A wizard (D:14)
  A salamander mystic (Snake:2)
  2 unseen horrors
  5 hill giants
  A flayed ghost (D:15)
  6 orc knights
  Pikel (D:8)
  4 naga ritualists
  2 ugly things
  A necromancer (D:15)
  10 mana vipers
  An oklob plant (Lair:5)
  2 griffons
  A fire giant zombie (D:15)
  10 salamanders
  4 orc sorcerers (Orc:2)
  4 centaur zombies
  2 sirens (Lair:6)
  5 cyclopes
  An elephant (D:9)
  4 guardian serpents
  13 naga magi
  36 black mambas
  25 spiny frogs
  A torpor snail (Lair:7)
  A gargoyle (D:13)
  A smoke demon (Lair:7)
  2 kobold demonologists (D:13)
  A tengu conjurer (D:14)
  10 komodo dragons
  3 fire drakes
  2 polar bears
  7 trolls
  3 merfolk
  A freezing wraith (D:15)
  A guardian mummy (D:15)
  4 giant leeches (Lair:8)
  A two-headed ogre (D:14)
  2 wolf spider simulacra (D:15)
  A blink frog (shapeshifter) (D:13)
  2 centaur simulacra (D:15)
  A spriggan zombie (D:15)
  27 blink frogs
  3 trapdoor spiders (D:14)
  51 yaks
  A ynoxinul (Lair:7)
  An ettin skeleton (D:15)
  A spriggan (shapeshifter) (D:15)
  A spriggan (Lair:7)
  2 fire elementals (D:12)
  5 wraiths
  2 shadows
  A wyvern (D:13)
  4 hogs (D:12)
  2 hungry ghosts
  6 basilisks
  8 hippogriffs
  9 vampire mosquitoes (Lair:8)
  8 wolves
  A steam dragon (D:11)
  39 nagas
  16 water moccasins
  13 porcupines
  A soldier ant (D:12)
  4 sky beasts
  3 hell hounds (D:12)
  35 orc warriors
  2 ice beasts (D:15)
  3 wasps
  3 phantoms
  3 black bears
  26 ogres
  10 centaurs
  24 crocodiles
  8 big kobolds
  35 giant frogs
  The ghost of lysy the Skirmisher, a weakling OgBe of Trog (D:3)
  5 scorpions
  26 killer bees
  8 electric eels
  3 wights (D:8)
  5 lava snakes (Snake:2)
  A giant frog zombie (D:9)
  3 quasits
  4 giant frog skeletons
  5 crimson imps
  7 jellies
  21 orc priests
  8 hounds
  20 orc wizards
  8 iguanas
  5 centaur skeletons
  Terence (D:2)
  9 worker ants
  2 killer bee zombies
  20 sheep
  3 hound skeletons
  A worker ant zombie (D:6)
  6 gnolls
  17 adders
  69 river rats
  A shadow imp (D:7)
  A white imp (D:15)
  3 oozes
  4 adder skeletons
  3 adder zombies
  3 worms
  9 giant geckos
  86 orcs
  6 ball pythons
  8 giant cockroaches
  10 goblins
  10 hobgoblins
  21 jackals
  7 quokkas
  7 bats
  A giant gecko skeleton (D:5)
  A giant gecko zombie (D:5)
  4 giant newts
  15 kobolds
  4 rats
  A fungus (D:9)
  A plant (Lair:8)
1090 creatures vanquished.

Vanquished Creatures (collateral kills)
  A water moccasin (Lair:4)
1 creature vanquished.

Vanquished Creatures (others)
  A centaur warrior (D:15)
  2 salamanders
  3 humans (D:12)
  2 slaves
  A giant frog (D:8)
  A scorpion (D:12)
  A crimson imp (D:8)
  A giant frog zombie (D:8)
  2 orcs (D:12)
  2 jackals (D:8)
  A fulminant prism (Snake:1)
  89 fungi
  58 plants
  6 withered plants (D:15)
170 creatures vanquished.

Grand Total: 1261 creatures vanquished

Notes
Turn   | Place    | Note
--------------------------------------------------------------
     0 | D:1      | Yawgmoth the Gargoyle Earth Elementalist began the quest for the Orb.
     0 | D:1      | Reached XP level 1. HP: 10/10 MP: 3/3
   464 | D:1      | Reached XP level 2. HP: 12/15 MP: 5/5
   758 | D:1      | Reached skill level 4 in Earth Magic
  1047 | D:1      | Reached XP level 3. HP: 19/19 MP: 4/7
  1461 | D:2      | Found a shattered altar of Ashenzari.
  1987 | D:2      | Reached XP level 4. HP: 24/24 MP: 5/8
  2189 | D:2      | Noticed Terence
  2226 | D:2      | Killed Terence
  2372 | D:2      | Found a shadowy altar of Dithmenos.
  2685 | D:3      | Reached skill level 5 in Earth Magic
  2719 | D:3      | Reached XP level 5. HP: 28/28 MP: 7/10
  2947 | D:3      | Noticed lysy's ghost (weakling OgBe)
  2966 | D:3      | Killed lysy's ghost
  3069 | D:3      | Found a burning altar of Makhleb.
  3276 | D:4      | Reached XP level 6. HP: 27/32 MP: 4/12
  3475 | D:4      | Reached skill level 6 in Earth Magic
  3703 | D:4      | Found an oddly glowing altar of Pakellas.
  4089 | D:4      | Found a deep blue altar of Sif Muna.
  4154 | D:4      | Learned a level 3 spell: Passwall
  4158 | D:4      | Learned a level 3 spell: Stone Arrow
  4164 | D:4      | Learned a level 5 spell: Lee's Rapid Deconstruction
  4167 | D:4      | Learned a level 2 spell: Stoneskin
  4182 | D:4      | Identified Sif Muna's Almanac of Blows and Bruises
  4355 | D:4      | Noticed a phantom
  4364 | D:4      | Killed a phantom
  4364 | D:4      | Reached skill level 5 in Spellcasting
  4364 | D:4      | Reached XP level 7. HP: 36/36 MP: 8/14
  4470 | D:4      | Reached skill level 7 in Earth Magic
  4603 | D:4      | Found a staircase to the Ecumenical Temple.
  4609 | Temple   | Entered the Ecumenical Temple
  4676 | Temple   | Became a worshipper of Vehumet
  4831 | D:5      | Entered Level 5 of the Dungeon
  5044 | D:5      | Reached skill level 8 in Earth Magic
  5053 | D:5      | Reached XP level 8. HP: 37/41 MP: 7/17
  5198 | D:5      | Found a glowing golden altar of the Shining One.
  6075 | D:6      | Reached skill level 9 in Earth Magic
  6170 | D:6      | Reached * piety under Vehumet
  6170 | D:6      | Offered knowledge of Freeze by Vehumet.
  6612 | D:6      | Gained mutation: Your movements are slightly less encumbered by armour (ER -2). [potion of mutation]
  6612 | D:6      | Gained mutation: You have sharp toenails. [potion of mutation]
  6612 | D:6      | Gained mutation: You are clumsy. (Dex -2) [potion of mutation]
  6613 | D:6      | Gained mutation: You passively map a small area around you. [potion of mutation]
  6613 | D:6      | Gained mutation: You tend to lose your temper in combat. [potion of mutation]
  6945 | D:6      | Reached XP level 9. HP: 45/45 MP: 17/20
  7014 | D:6      | Reached skill level 10 in Earth Magic
  8450 | D:8      | Noticed Pikel
  8454 | D:8      | Killed Pikel
  8454 | D:8      | Reached skill level 11 in Earth Magic
  8481 | D:8      | Noticed Erolcha
  8539 | D:8      | Killed Erolcha
  8713 | D:8      | Found a glowing golden altar of the Shining One.
  8713 | D:8      | Noticed Erica
  8718 | D:8      | Killed Erica
  8718 | D:8      | Reached skill level 12 in Earth Magic
  8718 | D:8      | Reached XP level 10. HP: 47/50 MP: 7/23
  8878 | D:8      | Found a glowing silver altar of Zin.
  8960 | D:8      | Got a dazzling scale mail
  8961 | D:8      | Identified the +1 scale mail "Wescherph" {rElec rN+} (You found it on level 8 of the Dungeon)
  9457 | D:8      | Offered knowledge of Sting by Vehumet.
  9532 | D:8      | Reached ** piety under Vehumet
  9699 | D:9      | Got a pitted scale mail
  9975 | D:9      | Identified the +0 scale mail of Creativity {*Contam MR++ MP+9} (You took it off a gnoll on level 9 of the Dungeon)
 10151 | D:9      | Noticed Daviar's ghost (novice TeBe)
 10175 | D:9      | Killed Daviar's ghost
 10175 | D:9      | Reached skill level 10 in Spellcasting
 10240 | D:9      | Noticed a cyclops
 10243 | D:9      | Killed a cyclops
 10243 | D:9      | Reached skill level 13 in Earth Magic
 10475 | D:9      | Found a staircase to the Lair.
 10475 | D:9      | Noticed an elephant
 10498 | D:9      | Killed an elephant
 10677 | D:9      | Offered knowledge of Ignite Poison by Vehumet.
 10686 | D:9      | Learned a level 2 spell: Blink
 10702 | D:9      | Found a blossoming altar of Fedhas.
 11230 | D:9      | Reached XP level 11. HP: 54/54 MP: 25/25
 11248 | D:9      | Reached *** piety under Vehumet
 11438 | D:9      | Found an iron altar of Okawaru.
 11756 | Lair:1   | Entered Level 1 of the Lair of Beasts
 11767 | Lair:1   | Drew Focus: Int increased to 19, Dex decreased to 9
 11773 | Lair:1   | Reached skill level 14 in Earth Magic
 12479 | Lair:1   | Offered knowledge of Dazzling Spray by Vehumet.
 14105 | Lair:3   | Reached skill level 15 in Earth Magic
 14157 | Lair:3   | Reached **** piety under Vehumet
 14223 | Lair:3   | Offered knowledge of Throw Icicle by Vehumet.
 14887 | Lair:3   | Reached XP level 12. HP: 59/59 MP: 28/28
 14925 | Lair:3   | Found a staircase to the Snake Pit.
 15906 | Lair:3   | Gained mutation: Your flesh is cold resistant. [potion of beneficial mutation]
 16220 | Lair:4   | Gained mutation: You are weak. (Str -2) [mutagenic glow]
 16616 | Lair:4   | Reached skill level 16 in Earth Magic
 16717 | Lair:4   | Reached ***** piety under Vehumet
 17332 | Lair:4   | Offered knowledge of Iron Shot by Vehumet.
 17346 | Lair:4   | Learned a level 6 spell: Iron Shot
 19109 | Lair:5   | Noticed a five-headed hydra
 19115 | Lair:5   | Killed a five-headed hydra
 19514 | Lair:6   | Reached skill level 17 in Earth Magic
 19526 | Lair:6   | Noticed a five-headed hydra
 19532 | Lair:6   | Killed a five-headed hydra
 19553 | Lair:6   | Noticed JokEr's ghost (journeyman MiFi)
 20063 | Lair:6   | Killed JokEr's ghost
 20063 | Lair:6   | Reached XP level 13. HP: 59/63 MP: 4/30
 21185 | Lair:6   | Found a staircase to the Shoals.
 21789 | Lair:7   | Reached skill level 18 in Earth Magic
 22596 | Lair:7   | Offered knowledge of Iskenderun's Mystic Blast by Vehumet.
 23191 | Lair:7   | Gained mutation: Your large and strong wings let you fly indefinitely. [Gargoyle growth]
 23191 | Lair:7   | Reached XP level 14. HP: 68/68 MP: 3/32
 23338 | Lair:7   | Gained mutation: Potions and wands are less effective at restoring your health. [potion of mutation]
 23338 | Lair:7   | Lost mutation: You passively map a small area around you. [potion of mutation]
 23725 | Lair:7   | Got a twisted trident
 23738 | Lair:7   | Identified the +9 trident "Hier Uma" {pierce, rPois Dex+4} (You found it on level 7 of the Lair of Beasts)
 23761 | Lair:7   | Reached skill level 15 in Spellcasting
 23823 | Lair:8   | Entered Level 8 of the Lair of Beasts
 23899 | Lair:8   | Reached skill level 19 in Earth Magic
 24330 | Lair:8   | Noticed Nessos
 24593 | Lair:8   | Killed Nessos
 26352 | Lair:8   | Reached skill level 1 in Shields
 26746 | Lair:8   | Reached skill level 20 in Earth Magic
 27095 | Lair:8   | Offered knowledge of Poison Arrow by Vehumet.
 28643 | D:10     | Entered Level 10 of the Dungeon
 29112 | D:10     | Got an encrusted dagger
 29115 | D:10     | Reached XP level 15. HP: 64/72 MP: 27/35
 29574 | D:11     | Found Kaaffia's Magic Scroll Shop.
 29579 | D:11     | Reached skill level 5 in Shields
 29626 | D:11     | Reached skill level 1 in Staves
 29664 | D:11     | Reached skill level 1 in Fighting
 30160 | D:11     | Found a staircase to the Orcish Mines.
 30904 | D:12     | Noticed Kirke
 30915 | D:12     | Killed Kirke
 31645 | D:12     | Noticed Azrael
 31651 | D:12     | Killed Azrael
 31826 | D:12     | Identified the cursed +1 dagger of Umewn {venom, rElec rPois rF+} (You found it on level 10 of the Dungeon)
 31827 | D:12     | Identified a scroll of acquirement
 32124 | D:13     | Noticed Chiseanne's ghost (journeyman DsWz)
 32133 | D:13     | Killed Chiseanne's ghost
 32133 | D:13     | Reached skill level 5 in Fighting
 32272 | D:13     | Got a shimmering shortbow
 32656 | D:13     | Reached skill level 5 in Staves
 32726 | D:13     | Identified the cursed +2 shortbow of Orodd {velocity, +Fly rN+} (You found it on level 13 of the Dungeon)
 32828 | D:13     | Drew Focus: Int increased to 22, Dex decreased to 8
 33401 | D:13     | Found Nauppomokk's Food Shop.
 34230 | D:14     | Offered knowledge of Freezing Cloud by Vehumet.
 34260 | D:14     | Found a gate to the Vaults.
 34420 | D:14     | Got a faintly humming leather armour
 34422 | D:14     | Identified the +0 leather armour of Hopscotch {rF+ rN+ Dex+2} (You found it on level 14 of the Dungeon)
 35266 | D:15     | Entered Level 15 of the Dungeon
 35419 | D:15     | Found Mus Gug's Weapon Emporium.
 35449 | D:15     | Bought a +0 lajatang for 240 gold pieces
 35917 | D:15     | Found a shadowy altar of Dithmenos.
 35932 | D:15     | Found an opulent altar of Gozag.
 35961 | D:15     | Got a crystal mace
 35989 | D:15     | Reached XP level 16. HP: 83/94 MP: 12/36
 36251 | D:15     | Noticed Josephine
 36253 | D:15     | Killed Josephine
 36448 | D:15     | Found a staircase to the Depths.
 36720 | D:15     | Reached ****** piety under Vehumet
 37260 | Lair:1   | Identified the cursed +3 mace "Xuchytyr" {flame, *Rage rElec rN+ Str+2} (You found it on level 15 of the Dungeon)
 37424 | Orc:1    | Entered Level 1 of the Orcish Mines
 37424 | Orc:1    | Found Ryff's Antique Armour Emporium.
 37842 | Orc:2    | Entered Level 2 of the Orcish Mines
 37842 | Orc:2    | Found a staircase to the Elven Halls.
 37845 | Orc:2    | Offered knowledge of Spellforged Servitor by Vehumet.
 37941 | Orc:2    | Found a roughly hewn altar of Beogh.
 37962 | Orc:2    | Reached skill level 10 in Fighting
 39367 | Orc:2    | Reached skill level 10 in Staves
 39622 | Orc:2    | Found Replipenyrph's Food Shop.
 39622 | Orc:2    | Found Ruudd's Book Emporium.
 39628 | Orc:2    | Found Zufurgh's Food Emporium.
 39628 | Orc:2    | Found Qinug's Distillery.
 39640 | Orc:2    | Bought a potion of cure mutation for 490 gold pieces
 39646 | Orc:2    | Lost mutation: You are clumsy. (Dex -2) [potion of cure mutation]
 39646 | Orc:2    | Lost mutation: You have sharp toenails. [potion of cure mutation]
 39646 | Orc:2    | Lost mutation: You tend to lose your temper in combat. [potion of cure mutation]
 39646 | Orc:2    | Lost mutation: Your movements are slightly less encumbered by armour (ER -2). [potion of cure mutation]
 39646 | Orc:2    | Lost mutation: You are weak. (Str -2) [potion of cure mutation]
 39654 | Orc:2    | Bought a book of the Earth for 845 gold pieces
 39666 | Orc:2    | Learned a level 9 spell: Shatter
 39884 | Orc:1    | Offered knowledge of Orb of Destruction by Vehumet.
 40034 | Orc:2    | Bought a book of Cantrips for 260 gold pieces
 40036 | Orc:2    | Learned a level 1 spell: Apportation
 40177 | Orc:1    | Got an encrusted long sword
 40178 | Orc:1    | Identified the +10 long sword "Quahol" {flame, Dex+6} (You found it on level 1 of the Orcish Mines)
 40556 | Snake:1  | Entered Level 1 of the Snake Pit
 40563 | Snake:1  | Noticed BenSoosneb's ghost (adept SpEn)
 40687 | Snake:1  | Killed BenSoosneb's ghost
 41315 | Snake:1  | Identified the Tome of the Frostbite
 41337 | Snake:1  | Noticed Roxanne
 41344 | Snake:1  | Killed Roxanne
 42296 | Snake:2  | Reached XP level 17. HP: 74/102 MP: 5/37
 42802 | Snake:2  | Reached skill level 21 in Earth Magic
 43746 | Snake:2  | Offered knowledge of Bolt of Cold by Vehumet.
 45627 | Snake:3  | Learned a level 4 spell: Leda's Liquefaction
 46888 | Snake:4  | Entered Level 4 of the Snake Pit
 47055 | Snake:4  | Noticed Nikola
 47061 | Snake:4  | Killed Nikola
 47072 | Snake:4  | Noticed Donald
 47415 | Snake:3  | Killed Donald
 48183 | Snake:4  | Noticed Wiglaf
 48210 | Snake:4  | Slain by Wiglaf

Vault maps used:
D:1:      noname_arrival_rooms_in_the_neighbourhood
D:2:      lemuel_round_altar, overflow_temple_1_default, uniq_terence
D:3:      lightli_temple_of_fire, amalloy_card_club
D:4:      black_bear_nest_2, led_sif_book, minmay_temple_entry_enclosed_plants,
          first_bread, grunt_pakellas_salt
D:5:      basic_altar, portal_sewer_entry_e, serial_park_tiny_pond,
          serial_bayou_pond_a, hangedman_glass_teeth
D:8:      kennysheep_mini, tso_altar, uniq_erica, uniq_pikel, uniq_erolcha
D:9:      lemuel_crystal_altar, overflow_temple_1_default, david_lair_generic
D:11:     kennysheep_orc_monster_closet_entryway, serial_shops,
          nicolae_shop_statue_plus, grunt_tengu_nest
D:12:     minmay_misc_feat_square, uniq_azrael, uniq_kirke
D:13:     serial_shops, shop
D:14:     david_vaults_1, special_room, infiniplex_staircase_river
D:15:     gammafunk_depths_entry_grave, serial_ice, serial_ice_c, serial_ice_d,
          serial_ice_n, serial_ice_g, lemuel_doored_altar, serial_shops,
          nicolae_shop_window_shopping, minmay_misc_feat_room,
          mumra_transporter_accident, grunt_gozag_breadcrumbs, uniq_josephine
Temple:   zaba_magenta_temple_12
Lair:2:   serial_bayou, serial_bayou_pond_e, serial_bayou_crossing,
          serial_bayou_pond_a, serial_bayou_pond_c, st_stairs_7
Lair:3:   minmay_snake_entry_guardpost_small, st_stairs_8, serial_bayou_lake_a,
          lemuel_fruit_tree, serial_bayou_shore_b, grunt_megastairs_5,
          serial_bayou_shore_b
Lair:4:   lab_entry_generic, kennysheep_basilisk_garden
Lair:5:   dpeg_oklob_1, grunt_megastairs_3
Lair:6:   elwin_shoals_entry_stream, nicolae_quartered_pool_super
Lair:7:   grunt_forest_large_clearing_hut
Lair:8:   minmay_lair_end_frog_pond, minmay_slime_entry_oklob_open,
          serial_bayou_pond_a, uniq_nessos
Snake:1:  st_stairs_6, uniq_roxanne
Snake:2:  nicolae_snake_lava_pool
Snake:3:  abandoned_shop, spider_trap
Snake:4:  snake_pit, uniq_aizul, uniq_wiglaf, uniq_nikola, uniq_donald
Orc:1:    serial_shops, shop, sword_in_stone
Orc:2:    grunt_orc_tribal_feast, basic_altar

Action                   |  1- 3 |  4- 6 |  7- 9 | 10-12 | 13-15 | 16-18 || total
-------------------------+-------+-------+-------+-------+-------+-------++-------
Melee: Spear             |    63 |    92 |   352 |    93 |       |       ||   600
       Unarmed           |     1 |       |       |       |       |       ||     1
       Short sword       |     5 |       |       |       |       |       ||     5
       Whip              |       |       |       |    82 |       |       ||    82
       Trident           |       |       |       |       |   257 |   326 ||   583
       Quarterstaff      |       |       |       |       |     7 |       ||     7
       Staff             |       |       |       |       |       |   108 ||   108
       Long sword        |       |       |       |       |       |     1 ||     1
       Lajatang          |       |       |       |       |       |    21 ||    21
       Demon trident     |       |       |       |       |       |    18 ||    18
Throw: Stone             |       |       |     1 |     7 |    30 |    11 ||    49
 Cast: Sandblast         |    54 |    78 |    42 |   128 |   178 |    77 ||   557
       Passwall          |       |     2 |       |       |     2 |     1 ||     5
       Stone Arrow       |       |       |    61 |   394 |   470 |   286 ||  1211
       Lee's Rapid Decon |       |       |       |    21 |    94 |    38 ||   153
       Stoneskin         |       |       |       |     5 |    18 |    26 ||    49
       Iron Shot         |       |       |       |     7 |    86 |   109 ||   202
       Blink             |       |       |       |       |     1 |     3 ||     4
       Shatter           |       |       |       |       |       |    17 ||    17
       Apportation       |       |       |       |       |       |     1 ||     1
 Abil: Fly               |       |       |       |       |     2 |       ||     2
       Stop Flying       |       |       |       |       |     1 |     1 ||     2
Evoke: Deck              |       |       |       |     1 |     2 |       ||     3
       Wand              |       |       |       |       |     1 |       ||     1
  Use: Scroll            |     5 |       |    13 |    13 |    12 |    10 ||    53
       Potion            |       |       |     3 |     7 |     3 |     5 ||    18
 Stab: Sleeping          |     1 |     6 |     2 |       |     1 |     2 ||    12
       Distracted        |       |       |       |       |       |     1 ||     1
  Eat: Chunk             |     4 |     7 |    15 |    19 |    49 |    24 ||   118
       Beef jerky        |       |       |     1 |       |     2 |     6 ||     9
       Bread ration      |       |       |       |     5 |     2 |     3 ||    10
       Royal jelly       |       |       |       |     1 |     2 |       ||     3
       Fruit             |       |       |       |     2 |     8 |    11 ||    21
       Pizza             |       |       |       |       |     3 |       ||     3
       Meat ration       |       |       |       |       |       |     3 ||     3
